 Dungeon Crawl Stone Soup version 0.17.1-1-g73c8601 (webtiles) character file.

3637 Metrazal the Slinger (level 9, -6/42 HPs)
             Began as a Spriggan Assassin on Jan 1, 2016.
             Killed from afar by Psyche (13 damage)
             ... with a puff of flame
             ... on level 8 of the Dungeon.
             The game lasted 04:39:01 (13999 turns).

Metrazal the Slinger (Spriggan Assassin)           Turns: 13999, Time: 04:39:01

Health: -6/42      AC:  3    Str:  9    XL:     9   Next: 87%
Magic:  10/10      EV: 23    Int: 12    God:
Gold:   550        SH:  0    Dex: 22    Spells: 0 memorised, 8 levels left

rFire  . . .     SeeInvis +     b - +0 blowgun
rCold  . . .     Clarity  .     E - +0 animal skin
rNeg   . . .     SustAt   .     (shield restricted)
rPois  .         Gourm    .     (helmet restricted)
rElec  .         Spirit   .     d - +0 cloak
rCorr  .         Warding  .     (gloves unavailable)
rMut   .         Stasis   .     (boots unavailable)
MR     ++...                    (no amulet)
Stlth  +++++.....               H - +3 ring of dexterity
                                Y - ring of protection from magic

@: very quick, very resistant to hostile enchantments, quite stealthy
A: unfitting armour, see invisible, herbivore 3, speed 3, slow metabolism 2
a: no special abilities


You were on level 8 of the Dungeon.
You were full.

You visited 1 branch of the dungeon, and saw 8 of its levels.

You collected 550 gold pieces.

Inventory:

Hand Weapons
 a - a +2 dagger
 b - a +0 blowgun (weapon)
 h - a +0 hunting sling
Missiles
 e - 8 poisoned needles (quivered)
 f - 5 curare-tipped needles
 i - 453 stones
 s - 11 tomahawks
 J - 3 tomahawks of returning
 Q - 8 sling bullets
 X - 8 needles of confusion
Armour
 c - a +0 robe
 d - a +0 cloak (worn)
 E - a +0 animal skin (worn)
Jewellery
 n - an uncursed ring of magical power
 C - an uncursed ring of flight
 H - a +3 ring of dexterity (right hand)
 O - an uncursed ring of wizardry
 Y - a ring of protection from magic (left hand)
Wands
 r - a wand of heal wounds (0)
 z - a wand of fireball (1)
 L - a wand of frost (26)
 P - a wand of polymorph (5)
 S - a wand of cold (10)
 T - a wand of cold (8)
 W - a wand of draining (8)
Scrolls
 g - 2 scrolls of fear {unknown}
 j - a scroll of identify
 k - a scroll of enchant weapon {unknown}
 m - 3 scrolls of magic mapping {unknown}
 t - 3 scrolls of enchant armour {unknown}
 y - 3 scrolls of remove curse
 F - a scroll of random uselessness {unknown}
 G - a scroll of brand weapon {unknown}
 I - 3 scrolls of fog {unknown}
 K - a scroll of recharging {unknown}
 N - 2 scrolls of amnesia {unknown}
 R - a scroll of vulnerability {unknown}
 V - a scroll of teleportation {unknown}
Potions
 l - 2 potions of magic {unknown}
 o - 4 potions of curing {unknown}
 p - 3 potions of brilliance {unknown}
 v - a potion of agility {unknown}
 w - 2 potions of poison {unknown}
 x - a potion of mutation {unknown}
 A - 3 potions of lignification {unknown}
 B - a potion of berserk rage {unknown}
 D - 3 potions of degeneration {unknown}
 U - a potion of ambrosia {unknown}
 Z - a potion of cure mutation {unknown}
Books
 M - a book of Summonings

   Spells                             Type                      Level
   a - Recall                         Summoning/Translocation      3
   b - Aura of Abjuration             Summoning                    5
   c - Shadow Creatures               Summoning                    5
   d - Summon Demon                   Summoning                    5
   e - Summon Forest                  Summoning/Translocation      5
   f - Summon Mana Viper              Hexes/Summoning              5
Comestibles
 q - 3 fruits
 u - 3 bread rations


   Skills:
 + Level 1.9 Fighting
 + Level 2.6 Short Blades
 + Level 11.5(12.7) Slings
 + Level 7.5(9.8) Throwing
 + Level 6.0 Dodging
 + Level 10.0 Stealth
 + Level 0.6 Evocations


You had 8 spell levels left.
You didn't know any spells.

Dungeon Overview and Level Annotations

Branches:
Dungeon (8/15)             Temple (0/1) D:7
   Lair: D:8-11

Altars:
Ashenzari
Cheibriados
Nemelex Xobeh
Okawaru
Qazlal
Ru
Sif Muna
Vehumet

Annotations:
D:8 Psyche


Innate Abilities, Weirdness & Mutations

You are tiny and cannot use many weapons and most armour.
You have supernaturally acute eyesight.
You are a herbivore.
You cover ground extremely quickly.
You need consume almost no food.


Message History

Psyche gestures at you while chanting. The puff of flame misses you.
Firing (i - inventory. (,) - cycle):
e - 10 poisoned needles (quivered)
Press: ? - help, Shift-Dir - straight line, f/p - Psyche
Aim: Psyche, wielding a dagger of chaos and wearing a robe (severely wounded, fast, poisoned)
Okay, then.
Firing (i - inventory. (,) - cycle):
e - 10 poisoned needles (quivered)
Press: ? - help, Shift-Dir - straight line, f/p - Psyche
Aim: Psyche, wielding a dagger of chaos and wearing a robe (severely wounded, fast, poisoned)
You shoot a poisoned needle.
The poisoned needle closely misses Psyche.
Psyche barely misses you.
Firing (i - inventory. (,) - cycle):
e - 9 poisoned needles (quivered)
Press: ? - help, Shift-Dir - straight line, f/p - Psyche
Aim: Psyche, wielding a dagger of chaos and wearing a robe (severely wounded, fast, poisoned)
You shoot a poisoned needle.
The poisoned needle barely misses Psyche.
Psyche casts a spell at you. The puff of flame hits you!
You die...

###### ......
...... ......
.....############
...............#
#....^......#
+...........#
#<..@@.....(#
#######.....#
#.....# #####
#(....#
.....######.....+
...........(....#
...........(....#
................#
...........######


You could see Psyche.

Vanquished Creatures
  Pikel (D:5)
  A hill giant (D:6)
  The ghost of Musteatbrain the Skirmisher, an amateur DsFi (D:4)
  Sigmund (D:3)
  2 orc warriors
  A black bear (D:7)
  An ice beast (D:8)
  3 slaves
  3 ogres
  A centaur (D:5)
  A necrophage (D:5)
  A big kobold (D:3)
  A gnoll sergeant (D:7)
  2 giant frogs
  2 scorpions
  4 wights (D:6)
  2 crimson imps (D:5)
  A centaur zombie (D:8)
  A giant frog skeleton (D:5)
  2 centaur skeletons
  Ijyb (D:2)
  A hound (D:4)
  An orc priest (D:7)
  Terence (D:3)
  3 iguanas
  4 orc wizards
  3 worker ants
  A hound zombie (D:7)
  21 gnolls
  6 adders
  2 shadow imps
  An adder skeleton (D:4)
  2 adder zombies
  A worm (D:2)
  6 giant geckos
  19 orcs
  14 giant cockroaches
  22 hobgoblins
  10 kobolds
  5 quokkas
  2 ball pythons
  2 bats
  3 giant newts
  43 goblins
  16 jackals
  A jackal zombie (D:5)
  5 rats
  3 bushes (D:2)
231 creatures vanquished.

Notes
Turn   | Place    | Note
--------------------------------------------------------------
     0 | D:1      | Metrazal the Spriggan Assassin began the quest for the Orb.
     0 | D:1      | Reached XP level 1. HP: 10/10 MP: 2/2
   127 | D:1      | Reached skill level 6 in Stealth
   502 | D:1      | Found a snail-covered altar of Cheibriados.
   592 | D:1      | Reached XP level 2. HP: 14/14 MP: 3/3
  2110 | D:2      | Reached XP level 3. HP: 12/18 MP: 4/4
  2413 | D:2      | Reached skill level 7 in Stealth
  3232 | D:2      | Noticed Ijyb
  3282 | D:2      | Killed Ijyb
  3282 | D:2      | Reached skill level 1 in Slings
  3282 | D:2      | Reached XP level 4. HP: 23/23 MP: 5/5
  3639 | D:3      | Noticed Sigmund
  3778 | D:3      | Killed Sigmund
  3778 | D:3      | Reached XP level 5. HP: 12/26 MP: 6/6
  4070 | D:3      | Reached XP level 6. HP: 26/30 MP: 7/7
  5267 | D:3      | Noticed Terence
  5276 | D:3      | Killed Terence
  5276 | D:3      | Reached skill level 8 in Stealth
  5487 | D:3      | Noticed a big kobold
  5646 | D:3      | Killed a big kobold
  5646 | D:3      | Reached XP level 7. HP: 24/34 MP: 8/8
  6489 | D:4      | Reached skill level 5 in Throwing
  6783 | D:4      | Found a sacrificial altar of Ru.
  6783 | D:4      | Found a sparkling altar of Nemelex Xobeh.
  6857 | D:4      | Found an iron altar of Okawaru.
  7011 | D:4      | Reached skill level 5 in Slings
  7066 | D:4      | Found a stormy altar of Qazlal.
  7071 | D:4      | Noticed an air elemental
  7096 | D:4      | Noticed a water elemental
  7096 | D:4      | Noticed a fire elemental
  7156 | D:4      | Noticed Musteatbrain's ghost (amateur DsFi)
  7499 | D:4      | Killed Musteatbrain's ghost
  7818 | D:4      | Found a deep blue altar of Sif Muna.
  8128 | D:5      | Entered Level 5 of the Dungeon
  8128 | D:5      | Found a radiant altar of Vehumet.
  8347 | D:5      | Reached XP level 8. HP: 33/38 MP: 9/9
  9102 | D:5      | Reached skill level 9 in Stealth
 10566 | D:6      | Noticed Pikel
 10600 | D:5      | Reached skill level 5 in Dodging
 10875 | D:5      | Killed Pikel
 10875 | D:5      | Reached XP level 9. HP: 34/42 MP: 10/10
 11572 | D:7      | Noticed a hill giant
 11632 | D:6      | Killed a hill giant
 11632 | D:6      | Reached skill level 10 in Slings
 12786 | D:7      | Found a staircase to the Ecumenical Temple.
 12833 | D:7      | Found a shattered altar of Ashenzari.
 13081 | D:7      | Reached skill level 11 in Slings
 13725 | D:8      | Reached skill level 10 in Stealth
 13973 | D:8      | Noticed Psyche
 13999 | D:8      | Killed from afar by Psyche

Action                   |  1- 3 |  4- 6 |  7- 9 || total
-------------------------+-------+-------+-------++-------
Melee: Dagger            |   872 |     8 |    42 ||   922
       Short sword       |       |     4 |       ||     4
 Fire: Blowgun           |    59 |    99 |   184 ||   342
       Hunting sling     |    30 |    82 |   493 ||   605
Throw: Stone             |    27 |       |     3 ||    30
       Tomahawk          |       |       |     1 ||     1
Evoke: Wand              |       |     1 |     3 ||     4
  Use: Scroll            |       |     4 |     3 ||     7
 Stab: Sleeping          |    12 |    19 |    21 ||    52
       Distracted        |       |     4 |     6 ||    10
  Eat: Bread ration      |     1 |       |     1 ||     2
       Royal jelly       |       |       |     1 ||     1
